 Dungeon Crawl Stone Soup version 0.27-a0-668-gb5737ff2c0 (webtiles) character file.

Game seed: 9982447523331501526

108167 snetch the Severer (level 16, -9/225 HPs)
             Began as a Minotaur Berserker on Mar 16, 2021.
             Was the Champion of Trog.
             Mangled by an orc warrior
             ... wielding a +0 trident
              (12 damage)
             ... on level 2 of the Orcish Mines on Mar 17, 2021.
             The game lasted 01:10:39 (19997 turns).

snetch the Severer (Minotaur Berserker)            Turns: 19997, Time: 01:10:40

Health: -9/225     AC: 23    Str: 27    XL:     16   Next: 2%
Magic:  15/15      EV: 11    Int:  4    God:    Trog [******]
Gold:   1759       SH:  0    Dex: 12    Spells: 15/15 levels left

rFire    x . .     SeeInvis +   a - +8 battleaxe of the Unspeakable One {vorpal, +Rage rF- Will++ SInv}
rCold    . . .     Faith    .   (shield currently unavailable)
rNeg     . . .     Spirit   .   J - +0 plate armour
rPois    .         Reflect  .   (helmet restricted)
rElec    .         Harm     .   (no cloak)
rCorr    .         Rampage  .   Q - +0 pair of gloves
Will     +++++                  o - +0 pair of boots
Stlth    ..........             Z - amulet of regeneration
HPRegen  2.47/turn              X - ring of flight
MPRegen  0.14/turn              C - +4 ring of protection

@: berserking, regenerating, very quick
A: horns 2, retaliatory headbutt
a: Renounce Religion, Evoke Berserk Rage, Evoke Flight, Berserk, Trog's Hand,
Brothers in Arms


You were on level 2 of the Orcish Mines.
You worshipped Trog.
Trog was exalted by your worship.
You visited 3 branches of the dungeon, and saw 18 of its levels.
You also visited: Sewer.

You collected 2066 gold pieces.
You spent 307 gold pieces at shops.

Inventory:

Hand Weapons
 a - the +8 battleaxe of the Unspeakable One (weapon) {vorpal, +Rage rF- Will++ SInv}
   (Trog gifted it to you on level 13 of the Dungeon)

   It inflicts extra damage upon your enemies.
   It makes you vulnerable to fire.
   It affects your willpower, your defense against some magical effects.
   It lets you see invisible.
   It lets you go berserk.
 b - a +4 halberd
 c - the +2 broad axe of Radicalism {flame, Dex+3}
   (Trog gifted it to you on level 1 of the Orcish Mines)

   It has been specially enchanted to burn those struck by it, causing extra
   injury to most foes and up to half again as much damage against particularly
   susceptible opponents.
   Big, fiery blades are also staple armaments of hydra-hunters.
   It affects your dexterity (+3).
Missiles
 h - 496 stones
 k - 6 curare-tipped darts
 p - 30 boomerangs
 s - 102 bolts
 v - 632 arrows
 x - 138 sling bullets
 z - 92 poisoned darts (quivered)
 O - 3 throwing nets
Armour
 o - a +0 pair of boots (worn)
 J - a +0 plate armour (worn)
 Q - a +0 pair of gloves (worn)
 W - a +2 scale mail of fire resistance
Jewellery
 B - a ring of willpower
 C - a +4 ring of protection (left hand)
 E - a ring of resist corrosion
 P - a ring of ice
 T - a ring of fire
 X - a ring of flight (right hand)
 Z - an amulet of regeneration (around neck)
Wands
 f - a wand of polymorph (23)
 g - a wand of flame (27)
 r - a wand of iceblast (18)
 G - a wand of random effects (29)
 H - a wand of acid (11)
 I - a wand of digging (5)
 S - a wand of paralysis (17)
Scrolls
 i - 5 scrolls of amnesia {unknown}
 l - 2 scrolls of blinking
 m - 4 scrolls of enchant weapon {unknown}
 n - 10 scrolls of teleportation {unknown}
 q - a scroll of torment
 w - 3 scrolls of magic mapping
 y - 3 scrolls of enchant armour
 A - 3 scrolls of immolation
 F - a scroll of brand weapon
 M - a scroll of fog
Potions
 d - a potion of mutation
 e - 2 potions of attraction
 j - 10 potions of curing
 t - 2 potions of haste
 u - 6 potions of heal wounds
 D - 5 potions of lignification
 L - 2 potions of cancellation
 N - 2 potions of resistance
 R - a potion of invisibility
 Y - a potion of flight
Miscellaneous
 K - a box of beasts
 U - a lightning rod (4/4)
 V - a tin of tremorstones (2/2)


   Skills:
 + Level 15.7 Fighting
 + Level 18.3 Axes
 + Level 3.7 Throwing
 + Level 14.5 Armour
 + Level 9.7 Dodging
 - Level 3.6 Stealth
 - Level 2.6 Shields
 + Level 1.1 Evocations


You had 15 spell levels left.
You didn't know any spells.
Your spell library contained the following spells:

 Spells                   Type           Power      Damage    Failure   Level
 Apportation              Tloc           0%         N/A       98%         1
 Freeze                   Ice            0%         1d3       98%         1
 Frozen Ramparts          Ice            0%         1d2       100%        3
 Lesser Beckoning         Tloc           0%         N/A       100%        3
 Ozocubu's Armour         Ice            0%         N/A       100%        3
 Tukima's Dance           Hex            0%         N/A       100%        3
 Hailstorm                Conj/Ice       0%         3d3       100%        4
 Summon Ice Beast         Ice/Summ       0%         N/A       100%        4
 Alistair's Intoxication  Tmut/Pois      0%         N/A       100%        5
 Invisibility             Hex            0%         N/A       100%        6


Dungeon Overview and Level Annotations

Branches:
Dungeon (15/15)            Temple (1/1) D:6            Lair (0/6) D:9
    Orc (2/2) D:12            Elf (0/3) Orc:2        Vaults (0/5) D:13
 Depths (0/5) D:15          Sewer (visited)

Altars:
Ashenzari
Cheibriados
Dithmenos
Elyvilon
Fedhas
Gozag
Hepliaklqana
Kikubaaqudgha
Makhleb
Nemelex Xobeh
Okawaru
Qazlal
Ru
Sif Muna
Trog
Uskayaw
Vehumet
Wu Jian
Xom
Yredelemnul
Zin
The Shining One

Shops:
D:4 [   D:14 =   D:15 *   Orc:1 !

Annotations:
D:4 elementals behind stone
D:6 scrolls behind grate


Innate Abilities, Weirdness & Mutations

You have a pair of horns on your head.
You reflexively headbutt those who attack you in melee.


Message History

Trog accepts your kill. Something appears at your feet!
You see here a +5 lajatang of flaming.
Trog grants you a weapon! The orc high priest barely misses you.
An orc priest comes into view.
You barely miss the orc high priest.
The orc high priest is moderately wounded.
You closely miss the orc knight.
The orc knight no longer looks unusually strong.
The orc warrior hits you from afar with a +0 trident.
* * * LOW HITPOINT WARNING * * *
The orc knight roars a battlecry!
The orc warrior goes into a battle-frenzy!
The orc high priest hits you but does no damage.
You slice the orc knight!! Your headbutt misses the orc knight.
The orc knight is severely wounded.
You hit the orc high priest.
Unknown command.
You slice the orc knight!!
You feel the power of Trog in you as your rage grows.
You kill the orc knight!
Trog accepts your kill.
You slice the orc high priest!!
The orc priest no longer looks unusually strong.
The orc warrior closely misses you.
The orc high priest hits you but does no damage.
You closely miss the orc high priest.
The orc high priest is almost dead.
Unknown command.
You barely miss the orc high priest.
The orc high priest is almost dead.
You slice the orc priest!!
You kill the orc priest!
Trog accepts your kill.
The orc no longer looks unusually strong.
The orc high priest no longer looks unusually strong.
The orc warrior hits you from afar with a +0 trident!
* * * LOW HITPOINT WARNING * * *
The orc warrior hits you from afar with a +0 trident!
You die...

#.......#..###.##
........#.......#
#.#.....##.....###
####..#..#.......#
...##...†......#
##...#......)...#
##..#.....).)).#
..........#)##
..#........#@#
..#.........)o)oooo..
.............o.o.....
.............o......
............#.#.#.#
..........#.#......
.........##.....
.......$# ##...


You could see an orc high priest, 3 orc warriors, an orc priest and 3 orcs.

Vanquished Creatures
  A fire giant (D:15)
  An orc warlord (Orc:2)
  The ghost of krigyl the Grappler, a journeyman PaTm of Cheibriados (D:15)
  Nessos (D:12)
  Josephine (Orc:1)
  2 rakshasas (D:15)
  A vault guard (D:13)
  Harold (D:11)
  3 hydras
  3 boulder beetles
  2 centaur warriors
  5 two-headed ogres
  2 unseen horrors
  A wizard (D:14)
  A flayed ghost (D:7)
  6 orc knights
  3 deep elf pyromancers
  5 orc sorcerers
  7 cyclopes
  6 ugly things (D:11)
  A salamander (shapeshifter) (D:14)
  Joseph (D:7)
  A manticore (D:14)
  A black mamba (shapeshifter) (D:13)
  2 centaur skeletons
  3 gargoyles
  2 kobold demonologists (D:14)
  A redback zombie (D:14)
  An efreet (D:15)
  A komodo dragon (D:14)
  5 trolls
  5 slime creatures
  A harpy skeleton (D:15)
  2 hornets
  A meliai zombie (D:11)
  Sigmund (D:3)
  2 shadows
  A wyvern (D:9)
  A water elemental (D:15)
  14 yaks
  3 wraiths (Orc:1)
  3 vampire mosquitoes (D:14)
  3 basilisks
  2 wargs (Orc:2)
  2 soldier ants
  A water moccasin (D:7)
  3 ice beasts
  7 sky beasts
  A black bear (D:6)
  30 orc warriors
  10 ogres
  16 centaurs
  3 phantoms
  6 kobold brigands
  17 bullfrogs
  A gnoll sergeant (D:12)
  A wyvern zombie (D:13)
  6 scorpions
  13 wights
  2 electric eels (D:15)
  9 howler monkeys
  A quasit (D:7)
  4 centaur zombies
  A lava snake (D:7)
  3 bullfrog zombies
  9 hounds
  8 jellies
  26 orc priests
  7 iguanas
  26 orc wizards
  10 worker ants
  Robin (D:2)
  3 gnolls (D:12)
  23 adders
  3 shadow imps
  2 white imps
  3 ufetubi
  3 oozes
  An adder skeleton (D:6)
  A worm (D:2)
  4 dart slugs
  5 leopard geckos
  95 orcs
  8 bats
  15 giant cockroaches
  16 goblins
  4 hobgoblins
  8 jackals
  24 kobolds
  6 quokkas
  9 ball pythons
  A ball python skeleton (D:5)
  7 frilled lizards
  A leopard gecko skeleton (D:4)
  6 rats
  3 bushes (D:14)
  A plant (D:14)
587 creatures vanquished.

Vanquished Creatures (collateral kills)
  An orc warlord (Orc:1)
  Maggie (D:7)
  A troll (Orc:1)
  3 orc warriors (Orc:1)
  4 wights (D:7)
  An orc priest (Orc:1)
  An orc wizard (Orc:1)
  6 orcs
18 creatures vanquished.

Vanquished Creatures (others)
  A quokka (D:14)
  4 fungi (D:9)
  30 plants
35 creatures vanquished.

Grand Total: 640 creatures vanquished

Notes
Turn   | Place    | Note
-------+----------+-------------------------------------------
     0 | D:1      | snetch the Minotaur Berserker began the quest for the Orb.
     0 | D:1      | Reached XP level 1. HP: 19/19 MP: 0/0
   349 | D:2      | Noticed Robin
   356 | D:2      | Killed Robin
   357 | D:2      | Reached skill level 4 in Axes
   357 | D:2      | Reached XP level 2. HP: 27/27 MP: 1/1
   420 | D:2      | Reached XP level 3. HP: 33/33 MP: 2/2
   480 | D:3      | Noticed Sigmund
   489 | D:3      | Killed Sigmund
   490 | D:3      | Reached skill level 5 in Fighting
   490 | D:3      | Reached skill level 5 in Axes
   490 | D:3      | Reached XP level 4. HP: 42/42 MP: 3/3
   490 | D:3      | Reached XP level 5. HP: 48/48 MP: 4/4
   514 | D:2      | Reached ** piety under Trog
   840 | D:4      | Found Ojank's Antique Armour Emporium.
  1109 | D:2      | Reached XP level 6. HP: 57/57 MP: 5/5
  2383 | D:3      | Reached *** piety under Trog
  2667 | D:5      | Entered Level 5 of the Dungeon
  2705 | D:5      | Reached skill level 1 in Stealth
  2705 | D:5      | Reached XP level 7. HP: 41/64 MP: 6/6
  2710 | D:5      | Found a snail-covered altar of Cheibriados.
  2751 | D:5      | Reached skill level 6 in Axes
  2840 | D:5      | Reached skill level 5 in Dodging
  2861 | D:5      | Found a glowing drain.
  2900 | Sewer    | Entered a sewer
  3378 | D:4      | Found a stormy altar of Qazlal.
  3379 | D:4      | Noticed a fire elemental
  3381 | D:4      | Noticed a water elemental
  3381 | D:4      | Noticed an air elemental
  4004 | D:4      | Found a sacrificial altar of Ru.
  4633 | D:5      | Reached XP level 8. HP: 63/73 MP: 7/7
  4891 | D:7      | Reached **** piety under Trog
  4942 | D:7      | Noticed Joseph
  4957 | D:7      | Killed Joseph
  4958 | D:7      | Reached skill level 5 in Armour
  5227 | D:6      | Reached XP level 9. HP: 23/83 MP: 8/8
  5730 | D:6      | Found a glowing silver altar of Zin.
  5819 | D:6      | Found a staircase to the Ecumenical Temple.
  5879 | Temple   | Entered the Ecumenical Temple
  6892 | D:7      | Noticed Maggie
  6901 | D:7      | Killed Maggie
  6967 | D:7      | Reached skill level 1 in Throwing
  7132 | D:7      | Noticed a cyclops
  7138 | D:7      | Killed a cyclops
  7139 | D:7      | Reached skill level 10 in Fighting
  7370 | D:7      | Noticed a flayed ghost
  7384 | D:7      | Killed a flayed ghost
  7385 | D:7      | Reached skill level 7 in Axes
  7385 | D:7      | Reached XP level 10. HP: 93/93 MP: 9/9
  8303 | D:8      | Reached skill level 8 in Axes
  8696 | D:9      | Noticed a two-headed ogre
  8713 | D:9      | Killed a two-headed ogre
  8714 | D:9      | Reached skill level 9 in Axes
  8731 | D:10     | Entered Level 10 of the Dungeon
  8731 | D:10     | Noticed a gargoyle
  8752 | D:10     | Killed a gargoyle
  8753 | D:10     | Reached skill level 10 in Armour
  9087 | D:9      | Found a staircase to the Lair.
  9311 | D:9      | Found a glowing golden altar of the Shining One.
  9847 | D:9      | Reached skill level 10 in Axes
  9932 | D:9      | Noticed a two-headed ogre
  9958 | D:9      | Killed a two-headed ogre
 10347 | D:10     | Noticed a two-headed ogre
 10356 | D:10     | Killed a two-headed ogre
 10357 | D:10     | Reached XP level 11. HP: 51/102 MP: 10/10
 10806 | D:11     | Noticed Harold
 10808 | D:11     | Noticed a brown ugly thing
 10818 | D:11     | Killed Harold
 10822 | D:11     | Killed a brown ugly thing
 10823 | D:11     | Reached skill level 11 in Axes
 10828 | D:11     | Reached ***** piety under Trog
 11016 | D:10     | Found a shimmering blue altar of Sif Muna.
 11596 | D:11     | Noticed a white ugly thing
 11603 | D:11     | Killed a white ugly thing
 11942 | D:11     | Reached skill level 12 in Axes
 11947 | D:11     | Noticed a seven-headed hydra
 11957 | D:11     | Killed a two-headed hydra
 12145 | D:12     | Noticed Nessos
 12184 | D:11     | Noticed a brown ugly thing
 12184 | D:11     | Noticed a white ugly thing
 12191 | D:11     | Killed a brown ugly thing
 12195 | D:11     | Killed a brown ugly thing
 12379 | D:12     | Noticed a red ugly thing
 12379 | D:12     | Noticed a red ugly thing
 12459 | D:11     | Killed a brown ugly thing
 12460 | D:11     | Reached skill level 13 in Axes
 12460 | D:11     | Reached skill level 1 in Shields
 12462 | D:11     | Killed a red ugly thing
 12555 | D:12     | Killed Nessos
 12556 | D:12     | Reached XP level 12. HP: 55/112 MP: 11/11
 13403 | D:13     | Noticed a boulder beetle
 13413 | D:13     | Killed a boulder beetle
 13414 | D:13     | Reached skill level 14 in Axes
 13948 | D:12     | Noticed a five-headed hydra
 13957 | D:12     | Killed a one-headed hydra
 14023 | D:12     | Noticed a boulder beetle
 14034 | D:12     | Killed a boulder beetle
 14265 | D:12     | Noticed a boulder beetle
 14287 | D:12     | Killed a boulder beetle
 14419 | D:12     | Reached ****** piety under Trog
 14440 | D:12     | Reached skill level 15 in Axes
 14555 | D:12     | Found a staircase to the Orcish Mines.
 15029 | D:15     | Entered Level 15 of the Dungeon
 15289 | D:13     | Identified the +8 battleaxe of the Unspeakable One {vorpal,
                  | +Rage rF- Will++ SInv} (Trog gifted it to you on level 13
                  | of the Dungeon)
 15289 | D:13     | Received a gift from Trog
 15397 | D:13     | Noticed a four-headed hydra
 15402 | D:13     | Noticed a vault guard
 15412 | D:13     | Killed a one-headed hydra
 15416 | D:13     | Killed a vault guard
 15417 | D:13     | Reached XP level 13. HP: 53/122 MP: 12/12
 15468 | D:13     | Found a gate to the Vaults.
 16071 | D:14     | Reached skill level 16 in Axes
 16313 | D:14     | Found a white marble altar of Elyvilon.
 16454 | D:14     | Found Gamuq's Jewellery Shop.
 17046 | D:14     | Reached skill level 17 in Axes
 17046 | D:14     | Reached XP level 14. HP: 133/133 MP: 13/13
 17049 | D:14     | Reached XP level 15. HP: 139/139 MP: 14/14
 17295 | D:15     | Found a runed translucent door.
 17429 | D:15     | Found a broken altar of Ashenzari.
 17601 | D:15     | Found a staircase to the Depths.
 17601 | D:15     | Noticed a fire giant
 17604 | D:15     | Reached skill level 15 in Fighting
 17622 | D:15     | Received a gift from Trog
 17805 | D:15     | Noticed krigyl's ghost (journeyman PaTm)
 17829 | D:15     | Killed krigyl's ghost
 18065 | D:15     | Found Aschuzxe's Assorted Antiques.
 18073 | D:15     | Bought a sapphire potion for 24 gold pieces
 18073 | D:15     | Bought a scroll labelled HECLUM INLIUN for 27 gold pieces
 18362 | D:15     | Killed a fire giant
 18666 | D:15     | Upgraded the game from 0.27-a0-660-g90476cec82 to
                  | 0.27-a0-668-gb5737ff2c0
 18812 | Orc:1    | Entered Level 1 of the Orcish Mines
 18928 | Orc:2    | Entered Level 2 of the Orcish Mines
 18928 | Orc:2    | Found a staircase to the Elven Halls.
 19091 | Orc:2    | Reached skill level 1 in Evocations
 19285 | Orc:1    | Noticed Josephine
 19293 | Orc:1    | Killed Josephine
 19401 | Orc:1    | Found Hiucuph's Distillery.
 19409 | Orc:1    | Identified the +2 broad axe of Radicalism {flame, Dex+3}
                  | (Trog gifted it to you on level 1 of the Orcish Mines)
 19409 | Orc:1    | Received a gift from Trog
 19410 | Orc:1    | Reached skill level 18 in Axes
 19418 | Orc:1    | Noticed an orc warlord
 19427 | Orc:1    | Killed an orc warlord
 19432 | Orc:1    | Bought 2 potions of heal wounds for 160 gold pieces
 19432 | Orc:1    | Bought a potion of lignification for 48 gold pieces
 19432 | Orc:1    | Bought a potion of flight for 48 gold pieces
 19857 | Orc:2    | Noticed an orc warlord
 19869 | Orc:2    | Killed an orc warlord
 19990 | Orc:2    | Reached XP level 16. HP: 30/150 MP: 15/15
 19990 | Orc:2    | HP: 5/225 [orc knight/+0 great sword (26)]
 19992 | Orc:2    | Received a gift from Trog
 19997 | Orc:2    | HP: 3/225 [orc warrior/+0 trident (9)]
 19997 | Orc:2    | Mangled by an orc warrior

Illustrated notes

Levels and vault maps discovered:
D:1:      minmay_arrival_widening_spiral_wide, layout_loops_ring
D:2:      layout_rooms, grunt_decor_junction, uniq_robin
D:3:      layout_basic, uniq_sigmund
D:4:      layout_basic, kennysheep_mini_moat, serial_shops, nicolae_shop_stone,
          chequers_serial_rivers_micro_e, nicolae_qazlal_style_of_elements
D:5:      layout_gridville, lemuel_round_altar, gup_sewer_entry_glass
D:6:      layout_loops_ring, zin_scriptorium, temple_fountains
D:7:      nzn_winding_woodlands_medium [nzn_winding_woodlands_5x5_default,
          nzn_winding_woodlands_5x15_default, nzn_winding_woodlands_5x5_default,
          nzn_winding_woodlands_5x5_three,
          nzn_winding_woodlands_center_pierced_h,
          nzn_winding_woodlands_5x5_perimeter,
          nzn_winding_woodlands_5x5_default,
          nzn_winding_woodlands_5x15_lazy_stream,
          nzn_winding_woodlands_5x5_closed_star], layout_cave_pods,
          nrook_loot_triangle, grunt_ministairs_15, kennysheep_potato,
          uniq_maggie, uniq_joseph
D:8:      layout_rooms
D:9:      layout_basic, lemuel_doored_altar, grunt_lair_entry_orc_guard_hut
D:10:     layout_irregular_city, basic_altar
D:11:     layout_loops_ring, uniq_harold
D:12:     layout_gridville, david_orc_4, minmay_misc_feat_four_crosses,
          uniq_nessos
D:13:     layout_rooms, david_vaults_5
D:14:     wad_woods_structure_01, layout_gridville, elyvilon_altar_4,
          hangedman_decor_slide_cut, minmay_shop_enchanted_jewellery
D:15:     grunt_enter_depths_giant_problem, layout_basic, gammafunk_ghost_grave,
          basic_altar, grunt_decor_resistance, serial_shops, nicolae_shop_trees,
          amethyst_killhole
Temple:   dpeg_five_rooms_temple
Orc:1:    layout_diamond_mine, serial_shops, nicolae_shop_trees,
          nicolae_orc_damp_corner, nicolae_orc_flooded_monolith,
          nicolae_orc_pool_cavern, uniq_josephine
Orc:2:    st_orc_pillars, layout_diamond_mine

Skill      XL: |  1  2  3  4  5  6  7  8  9 10 11 12 13 14 15 |
---------------+----------------------------------------------+-----
Fighting       | 4 5 6 7 9 10 11 12 13 14 15 | 15.7
Axes           | 4 5 6 7 10 13 15 17 18 | 18.3
Armour         | 3 4 6 9 10 11 12 13 14 | 14.5
Dodging        | 3 4 5 6 7 8 9 |  9.7
Stealth        | 1 2 3 |  3.6
Throwing       | 1 3 |  3.7
Shields        | 1 2 |  2.6
Evocations     | 1 |  1.1

Action                   |  1- 3 |  4- 6 |  7- 9 | 10-12 | 13-15 | 16-18 || total
-------------------------+-------+-------+-------+-------+-------+-------++-------
Melee: Dagger            |    25 |   163 |   292 |       |       |       ||   480
       Hand axe          |     4 |       |       |       |       |       ||     4
       Unarmed           |     3 |     2 |       |       |       |       ||     5
       Headbutt          |     1 |    27 |    63 |   114 |   116 |     2 ||   323
       Battleaxe         |       |       |    35 |   461 |   458 |     8 ||   962
       War axe           |       |       |       |    22 |       |       ||    22
Throw: Dart              |       |       |     3 |    20 |    12 |       ||    35
       Boomerang         |       |       |     3 |       |       |       ||     3
Invok: Berserk           |     2 |     1 |     4 |     6 |     4 |       ||    17
       Trog's Hand       |       |     1 |     5 |     3 |     6 |       ||    15
       Brothers in Arms  |       |       |     1 |       |     1 |       ||     2
 Abil: Evoke Flight      |       |       |       |       |     4 |       ||     4
       Stop Flying       |       |       |       |       |     1 |       ||     1
  Use: Scroll            |       |       |       |       |    18 |       ||    18
       Potion            |       |       |       |       |     2 |       ||     2
 Stab: Sleeping          |       |     2 |       |       |       |       ||     2
       Distracted        |       |       |     1 |       |       |       ||     1
Armor: Animal skin       |     5 |    73 |       |       |       |       ||    78
       Chain mail        |       |     1 |   217 |    55 |       |       ||   273
       Plate armour      |       |       |       |   212 |   155 |     2 ||   369
Dodge: Dodged            |    17 |   106 |   193 |   217 |   158 |     3 ||   694
Block: Other             |       |       |       |    62 |       |       ||    62
       Reflection        |       |       |       |     5 |       |       ||     5

Table legend: (Time is in decaauts)
 A = Elapsed time spent in this place.
 B = Non-inter-level travel time spent in this place.
 C = Inter-level travel time spent in this place.
 D = Time resting spent in this place.
 E = Time spent auto-exploring this place.
 F = Levels seen in this place.
 G = Mean time per level.
                   A        B        C        D        E       F      G
               +--------+--------+--------+--------+--------+-----+--------+
         Total |  20247 |  19438 |    809 |   1239 |  12353 |  19 | 1065.6 |
       Dungeon |  18365 |  17628 |    737 |   1239 |  11300 |  15 | 1224.3 |
        Temple |    308 |    279 |     29 |      0 |    274 |   1 |  308.0 |
  Orcish Mines |   1161 |   1118 |     43 |      0 |    660 |   2 |  580.5 |
         Sewer |    413 |    413 |      0 |      0 |    117 |   1 |  413.0 |
               +--------+--------+--------+--------+--------+-----+--------+

Top non-repeatable levels by time:
     D:7: 2011 daAuts
    D:11: 1863 daAuts
     D:9: 1628 daAuts
    D:14: 1600 daAuts
    D:15: 1578 daAuts
    D:12: 1377 daAuts
     D:6: 1205 daAuts
    D:10: 1177 daAuts
     D:1: 1091 daAuts
    D:13: 1006 daAuts
     D:5: 963 daAuts
     D:3: 914 daAuts
     D:4: 844 daAuts
   Orc:1: 810 daAuts
     D:2: 659 daAuts
